 Dungeon Crawl Stone Soup version 0.20.1-1-g8b1a95d (webtiles) character file.

1295 Irenicus the Insei (level 8, 0/64 HPs)
             Began as a Deep Dwarf Transmuter on Oct 20, 2017.
             Slain by othur's ghost (3 damage)
             ... on level 6 of the Dungeon.
             The game lasted 00:20:53 (4523 turns).

Irenicus the Insei (Deep Dwarf Transmuter)          Turns: 4523, Time: 00:20:54

Health: 0/64       AC:  5    Str: 17    XL:     8   Next: 30%
Magic:  5/8        EV:  2    Int: 13    God:
Gold:   313        SH:  0    Dex: 15    Spells: 6/11 levels left

rFire    . . .     SeeInvis .     - Unarmed
rCold    + . .     Gourm    .   (no shield)
rNeg     + + +     Faith    .   w - +2 robe {rC+}
rPois    ∞         Spirit   .   l - +0 helmet
rElec    .         Reflect  .   (no cloak)
rCorr    .         Harm     .   (no gloves)
MR       +....                  (no boots)
Stlth    +.........             (no amulet)
Regen    0.0/turn               (no ring)
MPRegen  0.2/turn               (no ring)

@: lethally poisoned (0 -> 0), petrified, non-regenerating, hasted and slowed,
drained
A: damage resistance, heal wounds, talons 1, high mp 1, sense surroundings 2,
strong 1, no regeneration
a: Heal Wounds


You were on level 6 of the Dungeon.
You were hungry.

You visited 1 branch of the dungeon, and saw 6 of its levels.
You also visited: Sewer.

You collected 313 gold pieces.

Inventory:

Missiles
 a - 81 arrows
Armour
 e - a +0 large shield
 l - a +0 helmet (worn)
 w - a +2 robe of cold resistance (worn)
 A - the +5 scale mail "Netwys" {rN++ MR++ Dex-4}
   (You found it on level 6 of the Dungeon)

   It affects your dexterity (-4).
   It greatly protects you from negative energy.
   It affects your resistance to hostile enchantments.
Jewellery
 f - an uncursed ring of fire
Wands
 p - a wand of polymorph (16/24)
 t - a wand of flame (21/48)
 v - a wand of enslavement (13/24)
Scrolls
 b - 2 scrolls of magic mapping
 h - 5 scrolls of teleportation {unknown}
 i - 7 scrolls of identify {unknown}
 k - 2 scrolls of remove curse {unknown}
 n - a scroll of noise {unknown}
 o - 2 scrolls of amnesia {unknown}
 q - 2 scrolls of recharging {unknown}
 u - a scroll of random uselessness {unknown}
 x - 2 scrolls of fog {unknown}
Potions
 g - a potion of mutation
Books
 c - a book of Changes

   Spells                             Type                      Level
   a - Beastly Appendage              Transmutation                1
   b - Sticks to Snakes               Transmutation                2
   c - Spider Form                    Transmutation/Poison         3
   d - Ice Form                       Ice/Transmutation            4
   e - Blade Hands                    Transmutation                5
 y - a book of Misfortune

   Spells                             Type                      Level
   a - Confusing Touch                Hexes                        1
   b - Confuse                        Hexes                        3
   c - Gell's Gravitas                Translocation                3
   d - Petrify                        Transmutation/Earth          4
   e - Metabolic Englaciation         Hexes/Ice                    5
   f - Yara's Violent Unravelling     Hexes/Transmutation          5
Miscellaneous
 C - a lightning rod (inert)
Comestibles
 d - 4 bread rations
 j - 4 fruits
 s - 2 meat rations
 z - a royal jelly


   Skills:
 - Level 1.0(0.2) Fighting
 - Level 2.1(1.3) Dodging
 + Level 5.5(4.6) Unarmed Combat
 - Level 2.0(1.2) Spellcasting
 - Level 5.2(4.3) Hexes
 - Level 5.0(4.1) Transmutations
 - Level 1.0(0.2) Poison Magic


You had 6 spell levels left.
You knew the following spells:

 Your Spells              Type           Power        Failure   Level  Hunger
a - Beastly Appendage     Tmut           ##....       4%          1    ##.....
b - Spider Form           Tmut/Pois      #.........   34%         3    ####...
e - Confusing Touch       Hex            ##....       4%          1    ##.....


Dungeon Overview and Level Annotations

Branches:
Dungeon (6/15)             Temple (0/1) D:6

Altars:
Ashenzari
Dithmenos
Elyvilon
Kikubaaqudgha
Okawaru
Sif Muna
Trog
Vehumet
Xom
Yredelemnul

Annotations:
D:6 othur's ghost, novice CeCK


Innate Abilities, Weirdness & Mutations

You are resistant to damage.
You can heal yourself by infusing magical energy.
You passively map the area around you.
You do not regenerate.
You have sharp toenails.
You have an increased reservoir of magic. (+10% MP)
Your muscles are strong. (Str +2)


Message History

Othur's ghost hits you but does no damage.
Space bends around you.
Othur's ghost hits you but does no damage.
You feel yourself slow down.
You have turned to stone.
Othur's ghost hits you but does no damage.
Othur's ghost hits you.
You feel as though your hastened speed will last longer.
Othur's ghost hits you but does no damage.
Othur's ghost hits you!
* * * LOW HITPOINT WARNING * * *
Othur's ghost burns you.
* * * LOW HITPOINT WARNING * * *
Othur's ghost hits you!
* * * LOW HITPOINT WARNING * * *
Othur's ghost hits you.
* * * LOW HITPOINT WARNING * * *
You feel your power leaking away.
Othur's ghost hits you but does no damage.
Othur's ghost hits you!
You die...

,,,,* *,* * ,,,,* *,* * ,,,,* #.*
* ,,,,* #.# * ,,,,* #.# * ,,,,*
#.# ####### * ..,,* #.#
#####.....* * ...,*
#.############...#..#,,****
....###.........@Wo......#**,,,,,
##.......######÷####.##..##*,,**,
........#######≈#,,#.###..#,,***,
..#####.......#≈#*<#..*#.....#*,,
,,,####...#####≈#*,.........o...,
,>,#....<...#*#≈#*,.##.....$.^.#*
,....##.###..##≈#*.#*##..._...##*
,..#**#.# *#..#≈#*.,**......(..#*
,.,* #.# *#.#.#*,,,,..........,


You could see othur's ghost and an orc.

Vanquished Creatures
  Pikel (D:5)
  A sky beast (D:5)
  A centaur (D:5)
  An ogre (D:5)
  A bullfrog (Sewer)
  2 crimson imps (D:5)
  An orc wizard (D:4)
  Terence (D:3)
  A worker ant (D:5)
  A killer bee zombie (D:5)
  The ghost of dscm the Shield-Bearer, a weakling FoFi (Sewer)
  The ghost of dscm the Scratcher, a weakling FeTm (D:4)
  Robin (D:3)
  8 gnolls
  9 adders
  An ooze (D:5)
  A worm (D:3)
  3 dart slugs (D:2)
  6 leopard geckos
  9 orcs
  4 ball pythons
  9 giant cockroaches
  10 hobgoblins
  8 jackals
  9 kobolds
  3 quokkas
  5 bats
  13 frilled lizards
  21 goblins
  A jackal skeleton (D:4)
  A leopard gecko skeleton (D:4)
  8 rats
143 creatures vanquished.

Notes
Turn   | Place    | Note
-------+----------+-------------------------------------------
     0 | D:1      | Irenicus the Deep Dwarf Transmuter began the quest for the Orb.
     0 | D:1      | Reached XP level 1. HP: 16/16 MP: 3/3
   256 | D:1      | Reached XP level 2. HP: 21/24 MP: 2/4
   773 | D:2      | Reached XP level 3. HP: 26/30 MP: 3/6
   874 | D:2      | Reached skill level 1 in Fighting
  1020 | D:2      | Reached XP level 4. HP: 19/38 MP: 7/7
  1038 | D:2      | Found a bloodstained altar of Trog.
  1166 | D:2      | Gained mutation: Your mind is acute. (Int +2) [potion of mutation]
  1166 | D:2      | Gained mutation: You have an increased reservoir of magic. (+10% MP) [potion of mutation]
  1166 | D:2      | Gained mutation: You passively map the area around you. [potion of mutation]
  1229 | D:2      | Found an iron altar of Okawaru.
  1472 | D:2      | Learned a level 3 spell: Spider Form
  1570 | D:2      | Reached XP level 5. HP: 27/44 MP: 4/7
  1817 | D:3      | Noticed Robin
  1904 | D:3      | Killed Robin
  1964 | D:3      | Found a deep blue altar of Sif Muna.
  1980 | D:3      | Noticed Terence
  1981 | D:3      | Found a shadowy altar of Dithmenos.
  1995 | D:3      | Killed Terence
  2037 | D:3      | Found a shimmering altar of Xom.
  2040 | D:3      | Found a basalt altar of Yredelemnul.
  2040 | D:3      | Found an ancient bone altar of Kikubaaqudgha.
  2155 | D:3      | Found a faded altar of an unknown god.
  2373 | D:4      | Noticed dscm's ghost (weakling FeTm)
  2378 | D:4      | Killed dscm's ghost
  2401 | D:4      | Found a radiant altar of Vehumet.
  2643 | D:4      | Reached XP level 6. HP: 3/51 MP: 5/8
  3013 | D:4      | Reached skill level 5 in Transmutations
  3027 | D:4      | Reached skill level 1 in Poison Magic
  3125 | D:5      | Entered Level 5 of the Dungeon
  3176 | D:5      | Found a white marble altar of Elyvilon.
  3214 | D:5      | Learned a level 1 spell: Confusing Touch
  3398 | D:5      | Reached skill level 5 in Unarmed Combat
  3464 | D:5      | Reached XP level 7. HP: 42/57 MP: 8/10
  3479 | D:5      | Found a shattered altar of Ashenzari.
  3530 | D:5      | Reached skill level 1 in Hexes
  3569 | D:5      | Lost mutation: Your mind is acute. (Int +2) [mutagenic meat]
  3570 | D:5      | Gained mutation: You have sharp toenails. [mutagenic meat]
  3571 | D:5      | Gained mutation: Your muscles are strong. (Str +2) [mutagenic meat]
  3691 | D:5      | Noticed Pikel
  3764 | D:5      | Killed Pikel
  3764 | D:5      | Reached skill level 5 in Hexes
  3764 | D:5      | Reached XP level 8. HP: 51/64 MP: 1/11
  4174 | D:6      | Got a translucent scale mail
  4178 | D:6      | Found a shadowy altar of Dithmenos.
  4187 | D:6      | Found a glowing drain.
  4196 | Sewer    | Entered a sewer
  4207 | Sewer    | Identified the +5 scale mail "Netwys" {rN++ MR++ Dex-4} (You found it on level 6 of the Dungeon)
  4259 | Sewer    | Noticed dscm's ghost (weakling FoFi)
  4272 | Sewer    | Killed dscm's ghost
  4469 | D:6      | Noticed othur's ghost (novice CeCK)
  4521 | D:6      | HP: 3/64 [othur's ghost (1)]
  4523 | D:6      | Slain by othur's ghost

Skill      XL: |  1  2  3  4  5  6  7 |
---------------+----------------------+-----
Unarmed Combat | 3 4 5 |  5.5
Transmutations | 2 3 4 5 |  5.0
Spellcasting   | 2 |  2.0
Fighting       | 1 |  1.0
Poison Magic   | 1 |  1.0
Hexes          | 5 |  5.2
Dodging        | |  2.1

Action                   |  1- 3 |  4- 6 |  7- 9 || total
-------------------------+-------+-------+-------++-------
Melee: Unarmed           |    94 |   277 |    99 ||   470
       Kick              |    11 |    20 |     5 ||    36
       Headbutt          |     2 |       |       ||     2
       Punch             |     1 |       |       ||     1
 Cast: Beastly Appendage |    16 |    24 |     1 ||    41
       Spider Form       |       |    16 |    15 ||    31
       Confusing Touch   |       |     1 |     3 ||     4
 Abil: Heal Wounds       |       |     3 |     7 ||    10
Evoke: Lightning rod     |       |       |     4 ||     4
  Use: Potion            |       |     8 |     6 ||    14
       Scroll            |       |       |     1 ||     1
  Eat: Chunk             |     1 |    11 |     7 ||    19
       Fruit             |       |       |     2 ||     2
Armor: Robe              |    22 |    23 |    15 ||    60
       Leather armour    |       |    16 |     1 ||    17
       Skin              |       |     3 |     4 ||     7
Dodge: Dodged            |    56 |   180 |    83 ||   319
